 Dungeon Crawl Stone Soup version 0.27.0-1-g7a08968 (webtiles) character file.

Game seed: 5375409119205216045

164 catcat the Chopper (level 5, -4/48 HPs)
             Began as a Minotaur Fighter on July 26, 2022.
             Slain by Grinder (5 damage)
             ... on level 3 of the Dungeon.
             The game lasted 00:05:14 (1702 turns).

catcat the Chopper (Minotaur Fighter)               Turns: 1702, Time: 00:05:15

Health: -4/48      AC:  6    Str: 22    XL:     5   Next: 21%
Magic:  4/4        EV:  7    Int:  5    God:
Gold:   49         SH:  9    Dex:  9    Spells: 4/4 levels left

rFire    + . .     SeeInvis .   a - +0 war axe
rCold    . . .     Faith    .   c - +0 kite shield
rNeg     . . .     Spirit   .   b - +0 scale mail
rPois    .         Reflect  .   (helmet restricted)
rElec    .         Harm     .   (no cloak)
rCorr    .         Rampage  .   (no gloves)
Will     .....                  (no boots)
Stlth    ..........             (no amulet)
HPRegen  0.16/turn              k - ring of protection from fire
MPRegen  0.09/turn              (no ring)

@: no status effects
A: horns 2, retaliatory headbutt
a: no special abilities


You were on level 3 of the Dungeon.
You visited 1 branch of the dungeon, and saw 3 of its levels.

You collected 49 gold pieces.

Inventory:

Hand Weapons
 a - a +0 war axe (weapon)
Armour
 b - a +0 scale mail (worn)
 c - a +0 kite shield (worn)
Jewellery
 k - a ring of protection from fire (left hand)
Scrolls
 e - a scroll of vulnerability {unknown}
 f - a scroll of amnesia {unknown}
 g - a scroll of identify {unknown}
Potions
 d - a potion of might
 h - a potion of magic {unknown}
 i - a potion of curing
 j - a potion of lignification {unknown}


   Skills:
 - Level 5.0 Fighting
 * Level 5.6 Axes
 - Level 3.6 Armour
 + Level 0.1 Dodging
 - Level 3.6 Shields


You had 4 spell levels left.
You didn't know any spells.
Your spell library contained the following spells:

 Spells                   Type           Power      Damage    Failure   Level
 Beastly Appendage        Tmut           0%         N/A       99%         1
 Corona                   Hex            0%         N/A       99%         1
 Ensorcelled Hibernation  Hex/Ice        0%         N/A       100%        2
 Wereblood                Tmut           0%         N/A       100%        2
 Spider Form              Tmut/Pois      0%         N/A       100%        3
 Tukima's Dance           Hex            0%         N/A       100%        3


Dungeon Overview and Level Annotations

Branches:
Dungeon (3/15)

Altars:

Annotations:
D:3 Grinder


Innate Abilities, Weirdness & Mutations

You have a pair of horns on your head.
You reflexively headbutt those who attack you in melee.


Message History

Terence hits you with a +0 falchion. Grinder hits you.
You closely miss Terence.
Terence is severely wounded.
You closely miss Grinder. Terence hits you with a +0 falchion.
You block Grinder's attack. Terence closely misses you.
You hit Terence.
Terence is almost dead.
You hit Grinder. Terence hits you but does no damage. Grinder gestures at you.
You suddenly lose the ability to move!
Terence hits you but does no damage. Grinder hits you.
Terence hits you with a +0 falchion! Terence hits you with a +0 falchion.
* * * LOW HITPOINT WARNING * * *
Grinder hits you.
* * * LOW HITPOINT WARNING * * *
You writhe in agony.
* * * LOW HITPOINT WARNING * * *
You can move again.
Unknown command.
It was a potion of curing.
You feel better. You block Terence's attack. Grinder hits you.
* * * LOW HITPOINT WARNING * * *
You writhe in agony.
* * * LOW HITPOINT WARNING * * *
You block Terence's attack.
You hit Terence.
Terence is almost dead.
You closely miss Grinder. You block Terence's attack.
Grinder blinks!
You block Terence's attack.
Unknown command.
You closely miss Terence.
Terence is almost dead.
Terence hits you with a +0 falchion.
* * * LOW HITPOINT WARNING * * *
Terence barely misses you.
Unknown command.
You hit Terence.
You kill Terence!
You closely miss Grinder. Grinder hits you.
You die...

#..####+####### #
#..#.......#..#
..##..#.......#..#
......#...≈.).#.<#
..##..'..≈≈≈..'..#
#.....#...≈...#..#
#.##.##.(.....####
#..#.......####### #
#.#####+####.@5..# #.
##.####..###)###.##
..(###.##......J.....#
#.......#.#####.#.J..5.
##.##.##..# #.#.#..##
......##..# #.. # .#
##.#..###.# #... #
..<.......#####....
###.#.^....†...[####


You could see Grinder and an endoplasm.

Vanquished Creatures
  Terence (D:3)
  Natasha (thrice) (D:2)
  3 adders (D:2)
  3 worms (D:2)
  3 dart slugs
  An orc (D:3)
  2 ball pythons (D:1)
  2 endoplasms (D:2)
  3 goblins
  3 hobgoblins
  7 jackals
  6 kobolds
  2 quokkas (D:2)
  4 bats
  A frilled lizard (D:3)
  6 rats
50 creatures vanquished.

Notes
Turn   | Place    | Note
-------+----------+-------------------------------------------
     0 | D:1      | catcat the Minotaur Fighter began the quest for the Orb.
     0 | D:1      | Reached XP level 1. HP: 19/19 MP: 0/0
   105 | D:1      | Reached XP level 2. HP: 25/27 MP: 1/1
   389 | D:1      | Found a faded altar of an unknown god.
   959 | D:2      | Reached XP level 3. HP: 33/33 MP: 2/2
  1152 | D:2      | Reached XP level 4. HP: 40/41 MP: 3/3
  1376 | D:2      | Noticed Natasha
  1380 | D:2      | Killed Natasha
  1381 | D:2      | Reached skill level 5 in Axes
  1440 | D:2      | Noticed Natasha
  1443 | D:2      | Killed Natasha
  1496 | D:2      | Noticed Natasha
  1509 | D:2      | Killed Natasha
  1510 | D:2      | Reached skill level 5 in Fighting
  1510 | D:2      | Reached XP level 5. HP: 36/48 MP: 4/4
  1687 | D:3      | Noticed Grinder
  1687 | D:3      | Noticed Terence
  1697 | D:3      | Paralysed by Grinder for 2 turns
  1701 | D:3      | HP: 1/48 [Terence (4)]
  1702 | D:3      | Killed Terence
  1702 | D:3      | Slain by Grinder

Illustrated notes

Levels and vault maps discovered:
D:1:      lightli_arrival_isolated_outpost, layout_loops_ring,
          ebering_ecumenical_altar_hall, corexii_leaking_fountain,
          serial_bayou_pond_e, minmay_misc_feat_ornament
D:2:      layout_basic, dk_noncrumbling_4, uniq_natasha
D:3:      layout_loops_cross, kennysheep_generic_room_8, uniq_terence,
          uniq_grinder, uniq_robin

Skill      XL: |  1  2  3  4 |
---------------+-------------+-----
Axes           | 3 4 5 |  5.6
Fighting       | 4 5 |  5.0
Armour         | |  3.6
Dodging        | |  0.1
Shields        | |  3.6

Action                   |  1- 3 |  4- 6 || total
-------------------------+-------+-------++-------
Melee: War axe           |    66 |    55 ||   121
       Headbutt          |     8 |     2 ||    10
  Use: Potion            |       |     1 ||     1
Armor: Scale mail        |    27 |    21 ||    48
Dodge: Dodged            |    21 |    10 ||    31
Block: Kite shield       |    28 |    40 ||    68
